3354 views
Uploaded 2020-03-07 23:51:35
Game version 1.32.2
53:08 long 1on1 ladder game on (2)Dalaran
Saved by BEARAND
3354 views
Uploaded 2020-03-07 23:51:35
Game version 1.32.2
53:08 long 1on1 ladder game on (2)Dalaran

133 units @ 18.2k
/ 2.7k
41 buildings @ 6.2k
/ 3.2k


| Potion of Lesser Invulnerability | 1 | 150 |
| total: | 1 | 150g |
| Wisp | 52 | 3120 | / | 0 |
| Archer | 19 | 2470 | / | 190 |
| Huntress | 9 | 1755 | / | 180 |
| Dryad | 6 | 870 | / | 360 |
| Druid of the Talon | 11 | 1595 | / | 220 |
| Druid of the Claw | 8 | 2040 | / | 640 |
| Glaive Thrower | 4 | 840 | / | 260 |
| Chimaera | 3 | 990 | / | 210 |
| Hippogryph | 8 | 1280 | / | 160 |
| Mountain Giant | 3 | 1050 | / | 300 |
| Goblin Zeppelin | 1 | 240 | / | 60 |
| Forest Troll Shadow Priest | 3 | 585 | / | 30 |
| Forest Troll Berserker | 2 | 490 | / | 60 |
| Mud Golem | 2 | 290 | / | 20 |
| Ogre Mauler | 2 | 600 | / | 0 |
| total: | 133 | 18215g | / | 2690w |
| Ancient Protector | 25 | 3375 | / | 2000 |
| Altar of Elders | 1 | 180 | / | 50 |
| Moon Well | 8 | 1440 | / | 320 |
| Ancient of War | 1 | 150 | / | 60 |
| Hunter's Hall | 1 | 210 | / | 100 |
| Tree of Life | 1 | 340 | / | 185 |
| Ancient of Wonders | 1 | 90 | / | 30 |
| Ancient of Lore | 1 | 155 | / | 145 |
| Ancient of Wind | 1 | 150 | / | 140 |
| Chimaera Roost | 1 | 140 | / | 190 |
| Tree of Ages | 1 | 320 | / | 180 |
| Tree of Eternity | 1 | 330 | / | 200 |
| total: | 41 | 6230g | / | 3220w |
| 0:04 | Wisp |
| 0:04 | Wisp |
| 0:09 | Altar of Elders |
| 0:17 | Moon Well |
| 0:28 | Wisp |
| 0:41 | Wisp |
| 0:47 | Ancient of War |
| 0:56 | Wisp |
| 0:57 | Wisp |
| 1:01 | Wisp |
| 1:32 | Moon Well |
| 1:52 | Wisp |
| 2:00 | Archer |
| 2:14 | Force of Nature |
| 2:48 | Hunter's Hall |
| 2:54 | Tree of Ages |
| 3:53 | Huntress |
| 3:55 | Huntress |
| 4:02 | Moon Well |
| 4:44 | Thorns Aura |
| 5:40 | Huntress |
| 5:41 | Huntress |
| 5:44 | Ancient of Lore |
| 5:47 | Wisp |
| 5:47 | Wisp |
| 5:47 | Wisp |
| 5:54 | Ancient of Wind |
| 6:02 | Moon Well |
| 6:04 | Huntress |
| 6:08 | Moon Armor |
| 7:35 | Forest Troll Shadow Priest |
| 7:45 | Tree of Eternity |
| 7:49 | Dryad |
| 7:49 | Dryad |
| 7:54 | Druid of the Talon |
| 8:07 | Force of Nature |
| 8:09 | Trueshot Aura |
| 9:01 | Moon Well |
| 9:05 | Moon Well |
| 9:11 | Druid of the Talon |
| 9:21 | Abolish Magic |
| 9:24 | Strength of the Wild |
| 9:33 | Druid of the Claw Adept Training |
| 10:53 | Druid of the Claw Master Training |
| 10:57 | Druid of the Talon |
| 10:58 | Druid of the Talon Adept Training |
| 11:00 | Archer |
| 11:00 | Archer |
| 11:21 | Searing Arrows |
| 11:44 | Mark of the Claw |
| 11:46 | Druid of the Claw |
| 11:46 | Druid of the Claw |
| 11:50 | Huntress |
| 11:51 | Druid of the Talon |
| 11:53 | Reinforced Hides |
| 11:54 | Improved Strength of the Wild |
| 12:22 | Thorns Aura |
| 12:53 | Druid of the Claw |
| 12:57 | Moon Well |
| 13:11 | Druid of the Talon Master Training |
| 13:15 | Druid of the Talon |
| 13:15 | Druid of the Talon |
| 14:14 | Tree of Life |
| 14:17 | Wisp |
| 14:41 | Ancient Protector |
| 15:27 | Ancient Protector |
| 15:31 | Nature's Blessing |
| 15:37 | Mark of the Talon |
| 15:45 | Moon Well |
| 16:31 | Druid of the Claw |
| 17:14 | Ancient Protector |
| 17:43 | Wisp |
| 17:43 | Wisp |
| 17:51 | Wisp |
| 17:51 | Wisp |
| 17:52 | Wisp |
| 17:52 | Wisp |
| 17:58 | Dryad |
| 18:36 | Glaive Thrower |
| 18:37 | Glaive Thrower |
| 18:38 | Glaive Thrower |
| 18:47 | Ancient Protector |
| 18:53 | Wisp |
| 18:55 | Wisp |
| 20:39 | Ancient Protector |
| 20:44 | Ancient Protector |
| 20:45 | Wisp |
| 20:45 | Wisp |
| 20:46 | Wisp |
| 21:44 | Ancient Protector |
| 21:45 | Ancient Protector |
| 21:47 | Ancient Protector |
| 22:01 | Trueshot Aura |
| 22:52 | Archer |
| 22:52 | Archer |
| 22:52 | Archer |
| 22:56 | Improved Reinforced Hides |
| 23:00 | Strength of the Moon |
| 24:48 | Druid of the Talon |
| 24:49 | Druid of the Talon |
| 24:49 | Druid of the Talon |
| 24:51 | Dryad |
| 24:51 | Dryad |
| 24:51 | Dryad |
| 24:54 | Huntress |
| 24:54 | Huntress |
| 24:54 | Huntress |
| 27:15 | Druid of the Claw |
| 27:15 | Druid of the Claw |
| 27:23 | Druid of the Talon |
| 27:24 | Druid of the Talon |
| 27:27 | Archer |
| 27:27 | Archer |
| 27:32 | Advanced Strength of the Wild |
| 27:55 | Ancient Protector |
| 28:00 | Ancient Protector |
| 29:33 | Wisp |
| 29:33 | Wisp |
| 29:33 | Wisp |
| 29:34 | Wisp |
| 29:34 | Wisp |
| 29:36 | Ancient Protector |
| 31:54 | Wisp |
| 31:54 | Wisp |
| 31:54 | Wisp |
| 31:54 | Wisp |
| 31:54 | Wisp |
| 32:16 | Ancient Protector |
| 32:25 | Ancient Protector |
| 33:10 | Ancient Protector |
| 33:12 | Ancient Protector |
| 33:18 | Ancient Protector |
| 33:38 | Wisp |
| 33:39 | Wisp |
| 33:39 | Wisp |
| 33:39 | Wisp |
| 33:39 | Wisp |
| 33:41 | Wisp |
| 35:01 | Chimaera Roost |
| 35:23 | Wisp |
| 35:23 | Wisp |
| 36:14 | Forest Troll Shadow Priest |
| 36:15 | Forest Troll Berserker |
| 36:15 | Mud Golem |
| 36:16 | Ogre Mauler |
| 36:35 | Chimaera |
| 36:36 | Chimaera |
| 36:36 | Chimaera |
| 37:30 | Ancient Protector |
| 37:31 | Ancient Protector |
| 37:32 | Ancient Protector |
| 37:41 | Goblin Zeppelin |
| 39:30 | Forest Troll Shadow Priest |
| 39:30 | Forest Troll Berserker |
| 39:31 | Mud Golem |
| 39:32 | Ogre Mauler |
| 41:11 | Ancient of Wonders |
| 41:16 | Ancient Protector |
| 41:19 | Ancient Protector |
| 41:22 | Ancient Protector |
| 41:27 | Ancient Protector |
| 41:31 | Ancient Protector |
| 41:36 | Druid of the Claw |
| 41:36 | Druid of the Claw |
| 42:12 | Archer |
| 42:12 | Archer |
| 42:13 | Archer |
| 42:13 | Archer |
| 42:13 | Archer |
| 42:14 | Archer |
| 42:14 | Archer |
| 42:29 | Wisp |
| 42:29 | Wisp |
| 42:29 | Wisp |
| 42:30 | Wisp |
| 42:30 | Wisp |
| 42:30 | Wisp |
| 42:43 | Hippogryph |
| 42:43 | Hippogryph |
| 42:43 | Hippogryph |
| 42:44 | Hippogryph |
| 42:44 | Hippogryph |
| 42:44 | Hippogryph |
| 42:45 | Hippogryph |
| 44:18 | Wisp |
| 44:18 | Wisp |
| 44:18 | Wisp |
| 44:18 | Wisp |
| 44:18 | Wisp |
| 44:37 | Archer |
| 45:41 | Archer |
| 45:42 | Archer |
| 45:42 | Archer |
| 45:46 | Hippogryph |
| 46:02 | Mountain Giant |
| 46:03 | Mountain Giant |
| 46:05 | Mountain Giant |
| 48:57 | Advanced Reinforced Hides |
| 49:03 | Improved Strength of the Moon |
| 49:05 | Improved Moon Armor |
| 49:12 | Glaive Thrower |
| 49:17 | Hardened Skin |
| 49:18 | Resistant Skin |
| 50:55 | Potion of Lesser Invulnerability |
| Right click | 704 |
| Select | 647 |
| Select group | 286 |
| Build/train/purchase | 199 |
| Assign group | 34 |
| Use ability | 34 |
| Remove unit | 1 |
37 units @ 4.8k
/ 0.6k
171 buildings @ 7.2k
/ 4.2k



| Scroll of Regeneration | 4 | 400 |
| Potion of Healing | 2 | 300 |
| Staff of Sanctuary | 3 | 750 |
| Orb of Fire | 2 | 650 |
| Mechanical Critter | 2 | 100 |
| Staff of Teleportation | 3 | 450 |
| Boots of Speed | 3 | 750 |
| Periapt of Vitality | 1 | 325 |
| total: | 20 | 3725g |
| Peasant | 22 | 1650 | / | 0 |
| Dragonhawk Rider | 9 | 1800 | / | 270 |
| Priest | 1 | 135 | / | 10 |
| Sorceress | 1 | 155 | / | 20 |
| Goblin Zeppelin | 3 | 720 | / | 180 |
| Goblin Shredder | 1 | 375 | / | 100 |
| total: | 37 | 4835g | / | 580w |
| Scout Tower | 153 | 4590 | / | 3060 |
| Arcane Tower | 8 | 560 | / | 400 |
| Guard Tower | 65 | 4550 | / | 3250 |
| Altar of Kings | 1 | 180 | / | 50 |
| Farm | 8 | 640 | / | 160 |
| Lumber Mill | 1 | 120 | / | 0 |
| Arcane Vault | 2 | 260 | / | 60 |
| Town Hall | 2 | 770 | / | 410 |
| Blacksmith | 1 | 140 | / | 60 |
| Barracks | 1 | 160 | / | 60 |
| Gryphon Aviary | 1 | 140 | / | 150 |
| Arcane Sanctum | 1 | 150 | / | 140 |
| Keep | 1 | 320 | / | 210 |
| Castle | 1 | 360 | / | 210 |
| total: | 171 | 7150g | / | 4150w |
| 0:02 | Peasant |
| 0:08 | Altar of Kings |
| 0:13 | Peasant |
| 0:14 | Peasant |
| 0:18 | Farm |
| 0:19 | Peasant |
| 0:26 | Lumber Mill |
| 0:29 | Peasant |
| 0:32 | Scout Tower |
| 0:47 | Peasant |
| 1:01 | Scout Tower |
| 1:10 | Peasant |
| 1:19 | Farm |
| 1:41 | Arcane Tower |
| 1:43 | Peasant |
| 1:44 | Peasant |
| 1:44 | Peasant |
| 1:45 | Peasant |
| 1:55 | Scout Tower |
| 1:56 | Peasant |
| 2:06 | Guard Tower |
| 2:09 | Blizzard |
| 2:13 | Peasant |
| 2:14 | Peasant |
| 2:14 | Peasant |
| 2:45 | Guard Tower |
| 2:47 | Peasant |
| 3:29 | Keep |
| 3:39 | Farm |
| 3:39 | Farm |
| 3:40 | Improved Masonry |
| 3:51 | Brilliance Aura |
| 4:24 | Staff of Teleportation |
| 4:24 | Boots of Speed |
| 4:30 | Arcane Vault |
| 4:35 | Scout Tower |
| 4:36 | Scout Tower |
| 4:36 | Scout Tower |
| 4:37 | Scout Tower |
| 5:12 | Guard Tower |
| 5:42 | Blizzard |
| 5:47 | Guard Tower |
| 5:59 | Advanced Masonry |
| 5:59 | Improved Lumber Harvesting |
| 6:02 | Gryphon Aviary |
| 6:08 | Guard Tower |
| 6:17 | Scroll of Regeneration |
| 6:42 | Guard Tower |
| 6:49 | Storm Bolt |
| 6:50 | Potion of Healing |
| 7:06 | Farm |
| 7:07 | Farm |
| 7:09 | Farm |
| 7:10 | Farm |
| 7:48 | Dragonhawk Rider |
| 7:48 | Dragonhawk Rider |
| 7:57 | Goblin Zeppelin |
| 8:19 | Goblin Shredder |
| 9:13 | Castle |
| 9:16 | Dragonhawk Rider |
| 9:18 | Scout Tower |
| 9:19 | Scout Tower |
| 9:28 | Scroll of Regeneration |
| 10:26 | Bash |
| 10:55 | Guard Tower |
| 10:57 | Guard Tower |
| 11:02 | Town Hall |
| 11:24 | Scroll of Regeneration |
| 12:06 | Staff of Sanctuary |
| 12:12 | Scroll of Regeneration |
| 12:19 | Potion of Healing |
| 12:24 | Scout Tower |
| 12:25 | Scout Tower |
| 12:26 | Scout Tower |
| 12:27 | Scout Tower |
| 12:27 | Scout Tower |
| 12:27 | Scout Tower |
| 12:53 | Imbued Masonry |
| 12:56 | Scout Tower |
| 12:56 | Scout Tower |
| 12:57 | Scout Tower |
| 12:57 | Scout Tower |
| 12:59 | Arcane Tower |
| 13:04 | Arcane Sanctum |
| 13:05 | Dragonhawk Rider |
| 13:14 | Blacksmith |
| 13:43 | Brilliance Aura |
| 14:12 | Storm Bolt |
| 14:31 | Barracks |
| 14:31 | Iron Forged Swords |
| 14:31 | Studded Leather Armor |
| 14:34 | Cloud |
| 14:35 | Dragonhawk Rider |
| 14:35 | Dragonhawk Rider |
| 14:36 | Magic Sentry |
| 14:37 | Priest |
| 14:37 | Sorceress |
| 14:38 | Priest Adept Training |
| 14:38 | Sorceress Adept Training |
| 14:42 | Scout Tower |
| 14:43 | Scout Tower |
| 14:46 | Guard Tower |
| 14:48 | Scout Tower |
| 14:48 | Scout Tower |
| 15:15 | Guard Tower |
| 15:30 | Guard Tower |
| 15:32 | Scout Tower |
| 15:33 | Scout Tower |
| 16:05 | Guard Tower |
| 16:09 | Staff of Sanctuary |
| 16:29 | Staff of Teleportation |
| 16:29 | Boots of Speed |
| 16:32 | Guard Tower |
| 16:33 | Arcane Vault |
| 16:35 | Scout Tower |
| 16:35 | Scout Tower |
| 16:35 | Scout Tower |
| 16:36 | Scout Tower |
| 16:51 | Animal War Training |
| 16:53 | Scout Tower |
| 16:54 | Scout Tower |
| 17:51 | Goblin Zeppelin |
| 17:59 | Holy Light |
| 18:06 | Orb of Fire |
| 18:12 | Staff of Sanctuary |
| 18:16 | Guard Tower |
| 18:30 | Scout Tower |
| 18:30 | Scout Tower |
| 18:31 | Scout Tower |
| 18:31 | Scout Tower |
| 18:31 | Scout Tower |
| 18:32 | Scout Tower |
| 18:32 | Scout Tower |
| 18:32 | Scout Tower |
| 18:33 | Scout Tower |
| 18:33 | Scout Tower |
| 18:33 | Scout Tower |
| 18:34 | Scout Tower |
| 18:34 | Scout Tower |
| 18:35 | Scout Tower |
| 18:35 | Scout Tower |
| 18:36 | Scout Tower |
| 18:40 | Staff of Teleportation |
| 18:40 | Boots of Speed |
| 18:47 | Arcane Tower |
| 18:47 | Arcane Tower |
| 19:03 | Guard Tower |
| 19:16 | Guard Tower |
| 19:52 | Scout Tower |
| 19:53 | Scout Tower |
| 19:53 | Scout Tower |
| 19:53 | Scout Tower |
| 19:54 | Scout Tower |
| 19:54 | Scout Tower |
| 19:55 | Scout Tower |
| 19:55 | Scout Tower |
| 19:55 | Scout Tower |
| 19:55 | Scout Tower |
| 20:10 | Dragonhawk Rider |
| 20:29 | Guard Tower |
| 20:48 | Guard Tower |
| 20:50 | Guard Tower |
| 20:58 | Guard Tower |
| 21:05 | Periapt of Vitality |
| 21:14 | Guard Tower |
| 21:17 | Guard Tower |
| 21:32 | Orb of Fire |
| 21:40 | Guard Tower |
| 21:52 | Guard Tower |
| 22:24 | Town Hall |
| 22:26 | Scout Tower |
| 22:27 | Scout Tower |
| 22:37 | Divine Shield |
| 23:00 | Guard Tower |
| 23:02 | Scout Tower |
| 23:03 | Scout Tower |
| 23:03 | Scout Tower |
| 23:03 | Scout Tower |
| 23:04 | Scout Tower |
| 23:04 | Scout Tower |
| 23:13 | Scout Tower |
| 23:13 | Scout Tower |
| 23:14 | Scout Tower |
| 23:14 | Scout Tower |
| 23:15 | Scout Tower |
| 23:15 | Scout Tower |
| 23:16 | Scout Tower |
| 23:16 | Scout Tower |
| 23:17 | Scout Tower |
| 23:18 | Scout Tower |
| 23:18 | Scout Tower |
| 23:18 | Scout Tower |
| 23:19 | Scout Tower |
| 23:19 | Scout Tower |
| 23:20 | Scout Tower |
| 23:20 | Scout Tower |
| 23:21 | Scout Tower |
| 23:35 | Peasant |
| 23:35 | Peasant |
| 24:07 | Guard Tower |
| 24:25 | Guard Tower |
| 24:51 | Goblin Zeppelin |
| 24:56 | Peasant |
| 24:56 | Peasant |
| 24:56 | Peasant |
| 25:01 | Steel Forged Swords |
| 25:01 | Reinforced Leather Armor |
| 25:05 | Guard Tower |
| 25:18 | Scout Tower |
| 25:19 | Scout Tower |
| 25:19 | Scout Tower |
| 25:19 | Scout Tower |
| 25:20 | Scout Tower |
| 25:20 | Scout Tower |
| 25:46 | Guard Tower |
| 25:47 | Scout Tower |
| 25:48 | Scout Tower |
| 25:48 | Scout Tower |
| 25:49 | Scout Tower |
| 25:49 | Scout Tower |
| 25:49 | Scout Tower |
| 25:50 | Scout Tower |
| 25:50 | Scout Tower |
| 25:51 | Guard Tower |
| 25:53 | Scout Tower |
| 25:54 | Scout Tower |
| 25:54 | Scout Tower |
| 25:54 | Scout Tower |
| 25:55 | Scout Tower |
| 25:55 | Scout Tower |
| 26:11 | Guard Tower |
| 26:31 | Guard Tower |
| 26:38 | Guard Tower |
| 26:41 | Guard Tower |
| 26:46 | Arcane Tower |
| 27:08 | Guard Tower |
| 27:09 | Guard Tower |
| 27:18 | Scout Tower |
| 27:18 | Scout Tower |
| 27:19 | Scout Tower |
| 27:19 | Scout Tower |
| 27:26 | Guard Tower |
| 27:47 | Guard Tower |
| 27:50 | Guard Tower |
| 28:01 | Arcane Tower |
| 28:02 | Guard Tower |
| 28:22 | Guard Tower |
| 28:23 | Guard Tower |
| 28:23 | Guard Tower |
| 28:24 | Guard Tower |
| 29:11 | Guard Tower |
| 29:13 | Scout Tower |
| 29:13 | Scout Tower |
| 29:14 | Scout Tower |
| 29:14 | Scout Tower |
| 29:15 | Scout Tower |
| 29:15 | Scout Tower |
| 29:16 | Scout Tower |
| 29:16 | Scout Tower |
| 29:17 | Scout Tower |
| 29:17 | Scout Tower |
| 29:17 | Scout Tower |
| 29:18 | Scout Tower |
| 29:18 | Scout Tower |
| 29:18 | Scout Tower |
| 29:31 | Scout Tower |
| 29:32 | Scout Tower |
| 29:32 | Scout Tower |
| 29:33 | Scout Tower |
| 29:33 | Scout Tower |
| 29:34 | Scout Tower |
| 29:34 | Scout Tower |
| 29:35 | Scout Tower |
| 29:35 | Scout Tower |
| 29:36 | Scout Tower |
| 30:26 | Guard Tower |
| 31:00 | Bash |
| 31:49 | Holy Light |
| 31:51 | Guard Tower |
| 31:52 | Scout Tower |
| 31:58 | Brilliance Aura |
| 32:08 | Guard Tower |
| 33:06 | Guard Tower |
| 33:07 | Scout Tower |
| 33:08 | Scout Tower |
| 33:08 | Scout Tower |
| 33:09 | Scout Tower |
| 33:09 | Scout Tower |
| 33:09 | Scout Tower |
| 33:10 | Scout Tower |
| 33:30 | Peasant |
| 33:35 | Guard Tower |
| 33:37 | Dragonhawk Rider |
| 33:40 | Mithril Forged Swords |
| 33:40 | Dragonhide Armor |
| 33:44 | Guard Tower |
| 33:45 | Guard Tower |
| 33:50 | Guard Tower |
| 33:56 | Guard Tower |
| 33:59 | Scout Tower |
| 34:00 | Scout Tower |
| 34:00 | Scout Tower |
| 34:01 | Scout Tower |
| 34:01 | Scout Tower |
| 34:02 | Scout Tower |
| 34:02 | Scout Tower |
| 34:03 | Scout Tower |
| 34:06 | Guard Tower |
| 34:52 | Guard Tower |
| 34:55 | Scout Tower |
| 34:56 | Scout Tower |
| 34:56 | Scout Tower |
| 34:57 | Scout Tower |
| 34:58 | Scout Tower |
| 34:59 | Scout Tower |
| 34:59 | Scout Tower |
| 35:03 | Guard Tower |
| 35:19 | Dragonhawk Rider |
| 35:23 | Guard Tower |
| 35:30 | Guard Tower |
| 37:18 | Guard Tower |
| 37:28 | Arcane Tower |
| 37:44 | Guard Tower |
| 38:04 | Guard Tower |
| 40:06 | Divine Shield |
| 40:23 | Storm Bolt |
| 40:47 | Mass Teleport |
| 41:16 | Mechanical Critter |
| 41:17 | Mechanical Critter |
| 46:56 | Holy Light |
| 52:15 | Bash |
| Right click | 4142 |
| Select | 1785 |
| Select group | 940 |
| Build/train/purchase | 310 |
| Use ability | 266 |
| Chat | 214 |
| Misc. action | 49 |
| Assign group | 27 |
| Item give/drop | 17 |
| Remove unit | 6 |